 Dungeon Crawl Stone Soup version 0.31-a0-177-g4aa6249778 (webtiles) character file.

Game seed: 2479530770251973164

3344 qw the Skirmisher (level 10, -10/94 HPs)
             Began as a Naga Hunter on June 18, 2023.
             Was an Initiate of Okawaru.
             Mangled by a manticore (14 damage)
             ... on level 8 of the Dungeon.
             The game lasted 00:02:41 (7166 turns).

qw the Skirmisher (Naga Hunter)                     Turns: 7166, Time: 00:02:42

Health: -10/94     AC:  8    Str: 15    XL:     10   Next: 2%
Magic:  13/13      EV: 14    Int:  9    God:    Okawaru [......]
Gold:   377        SH:  0    Dex: 18    Spells: 9/9 levels left

rFire   . . .        Y - +2 shortbow
rCold   + . .        (shield currently unavailable)
rNeg    . . .        f - +2 leather armour of Salvation {Regen+}
rPois   +            (no helmet)
rElec   .            h - +0 cloak
rCorr   .            (no gloves)
SInv    +            (no barding)
Will    +....        (no amulet)
Stlth   +++          d - ring of protection from cold
HPRegen 1.15/turn    (no ring)
MPRegen 0.13/turn

%: no passive effects
@: short of breath, heroic, very slow
A: AC +3, large, see invisible, deformed body, poison resistance, slowness 2,
spit poison 1, naga tail 1
a: Spit Poison, Renounce Religion


You were on level 8 of the Dungeon.
You worshipped Okawaru.
Okawaru was noncommittal.
You visited 2 branches of the dungeon, and saw 9 of its levels.

You collected 377 gold pieces.


Innate Abilities, Weirdness & Mutations

Your serpentine skin is tough. (AC +3)
You have supernaturally acute eyesight. (SInv)
Armour fits poorly on your strangely shaped body.
Your system is resistant to poisons. (rPois)
You cover ground very slowly.
You can spit poison.
You have a snake-like lower body.


   Skills:
 - Level 7.0(12.0) Fighting
 + Level 10.4(15.4) Ranged Weapons
 - Level 1.0(6.0) Armour
 - Level 3.5(8.5) Dodging
 - Level 1.5(6.5) Stealth
 - Level 4.0 Invocations


You had 9 spell levels left.
You didn't know any spells.
Your spell library was empty.

Inventory:

Hand Weapons
 Y - a +2 shortbow (weapon)
Armour
 f - the +2 leather armour of Salvation (worn) {Regen+}
   (You found it on level 7 of the Dungeon)

   Regen:     It increases your rate of health regeneration.
 h - a +0 cloak (worn)
Jewellery
 d - a ring of protection from cold (left hand)
Scrolls
 a - 2 scrolls of identify
Potions
 b - a potion of cancellation
 e - 5 potions of curing
 i - a potion of magic

Dungeon Overview and Level Annotations

Branches:
Dungeon (8/15)             Temple (1/1) D:5
   Lair: D:8-11

Altars:
Ashenzari
Cheibriados
Dithmenos
Elyvilon
Fedhas
Gozag
Hepliaklqana
Kikubaaqudgha
Makhleb
Nemelex Xobeh
Okawaru
Qazlal
Sif Muna
Trog
Uskayaw
Vehumet
Xom
Yredelemnul
Zin
The Shining One

Annotations:
D:8 Grum


Message History

You have got your breath back.
Grum looks more healthy.
The wolf bites you but does no damage. The manticore bites you!
The manticore misses you.
The manticore claws you but does no damage.
A white imp comes into view.
Grum hits you but does no damage.
7162 ||| INVOKING Spit Poison.
Aiming: Spit Poison (1% risk of failure)
Press: ? - help, Shift-Dir - straight line, f/p - manticore The splash of poison hits the manticore.
The manticore is poisoned.
The manticore is severely wounded.
The wolf barely misses you. The wolf closely misses you.
The manticore bites you!
The manticore claws you but does no damage.
The manticore misses you. Grum completely misses you.
You shoot an arrow.
The arrow hits the manticore but does no damage.
The manticore is severely wounded.
The wolf closely misses you.
The manticore bites you but does no damage.
The manticore closely misses you.
The manticore claws you but does no damage.
Grum hits you from afar with a +1 spear!
You shoot an arrow.
The arrow completely misses the manticore.
You carefully extract the barbed spikes from your body.
The wolf closely misses you. The wolf barely misses you.
You shoot an arrow.
The arrow hits the manticore but does no damage.
The manticore is severely wounded.
The manticore bites you! The manticore claws you.
The manticore claws you but does no damage.
Grum hits you from afar with a +1 spear.
The wolf bites you but does no damage.
You shoot an arrow. The arrow hits the manticore!
The manticore is almost dead.
The wolf bites you. The water moccasin barely misses you.
The manticore bites you!
You die...

..?..... #.
....!... ...###.
#...##.#.....
.#.###...#.#.....
........)........
######..)........
##)..........
##..).........
#.....@....?..
##...HhS......
#.....%.g.......
####............
#.....5......#
#............#
#..#........##
#...........#
........##..


You could see a manticore (poisoned), Grum, a water moccasin, a wolf and a white
imp.

Vanquished Creatures
  Sigmund (D:2)
  Eustachio (D:4)
  3 yaks (D:6)
  A wyvern (D:7)
  A water moccasin (D:7)
  Duvessa (D:7)
  An orc warrior (D:7)
  2 ice beasts
  A sky beast (D:7)
  2 black bears (D:5)
  2 ogres (D:4)
  A wolf (D:8)
  2 kobold brigands (D:6)
  3 bullfrogs
  5 scorpions
  3 wights (D:7)
  Dowan (D:7)
  2 hounds
  4 jellies
  2 orc priests
  A sleepcap (D:6)
  3 iguanas
  3 orc wizards
  11 adders
  A white imp (D:7)
  An ufetubus (D:3)
  14 orcs
  5 ball pythons
  7 endoplasms
  2 giant cockroaches
  6 goblins
  5 hobgoblins
  12 jackals
  3 quokkas (D:1)
  6 bats
  5 frilled lizards
  16 kobolds
  4 rats
144 creatures vanquished.

Notes
Turn   | Place    | Note
-------+----------+-------------------------------------------
     0 | D:1      | qw the Naga Hunter began the quest for the Orb.
     0 | D:1      | Reached XP level 1. HP: 19/19 MP: 1/1
     0 | D:1      | 0 ||| qw: Version: 0.3-a-7-ge0c9b40
     0 | D:1      | 0 ||| qw: Game counter: 808
     0 | D:1      | 0 ||| qw: Always use a shield: true
     0 | D:1      | 0 ||| qw: God list: Okawaru
     0 | D:1      | 0 ||| qw: Allow faded altars: false
     0 | D:1      | 0 ||| qw: Do Orc after D:15 true
     0 | D:1      | 0 ||| qw: Do second Lair branch before Depths: true
     0 | D:1      | 0 ||| qw: Lair rune preference: random
     0 | D:1      | 0 ||| qw: Plans: Normal
     0 | D:1      | 0 ||| PLANNING D:1-11
     9 | D:1      | 9 ||| INVOKING Spit Poison.
    33 | D:1      | 33 ||| INVOKING Spit Poison.
    37 | D:1      | 37 ||| INVOKING Spit Poison.
    43 | D:1      | 43 ||| INVOKING Spit Poison.
    45 | D:1      | HP: 3/19 [jackal (2)]
   128 | D:1      | 128 ||| INVOKING Spit Poison.
   134 | D:1      | 134 ||| INVOKING Spit Poison.
   138 | D:1      | 138 ||| INVOKING Spit Poison.
   266 | D:1      | Reached skill level 4 in Ranged Weapons
   266 | D:1      | Reached XP level 2. HP: 26/26 MP: 2/2
   270 | D:1      | 270 ||| INVOKING Spit Poison.
   309 | D:1      | 309 ||| INVOKING Spit Poison.
   340 | D:1      | 340 ||| INVOKING Spit Poison.
   362 | D:1      | 362 ||| INVOKING Spit Poison.
   366 | D:1      | 366 ||| INVOKING Spit Poison.
   393 | D:1      | 393 ||| INVOKING Spit Poison.
   404 | D:1      | 404 ||| INVOKING Spit Poison.
   409 | D:1      | 409 ||| INVOKING Spit Poison.
   446 | D:1      | 446 ||| INVOKING Spit Poison.
   449 | D:1      | Reached XP level 3. HP: 32/32 MP: 3/3
   449 | D:1      | 449 ||| INVOKING Spit Poison.
   502 | D:1      | 502 ||| READING 2 scrolls labelled VEYGOGECOMM.
   503 | D:1      | 503 ||| DROPPING scroll of butterflies.
   590 | D:2      | Noticed a scorpion
   591 | D:2      | 591 ||| INVOKING Spit Poison.
   594 | D:2      | 594 ||| INVOKING Spit Poison.
   595 | D:2      | Killed a scorpion
   596 | D:2      | Reached skill level 5 in Ranged Weapons
   596 | D:2      | Reached XP level 4. HP: 26/39 MP: 4/4
   769 | D:2      | 769 ||| INVOKING Spit Poison.
   847 | D:2      | 847 ||| INVOKING Spit Poison.
   852 | D:2      | 852 ||| INVOKING Spit Poison.
   891 | D:2      | 891 ||| INVOKING Spit Poison.
   895 | D:2      | 895 ||| INVOKING Spit Poison.
   928 | D:2      | 928 ||| INVOKING Spit Poison.
   936 | D:2      | 936 ||| INVOKING Spit Poison.
   956 | D:2      | Noticed Sigmund
   959 | D:2      | 959 ||| INVOKING Spit Poison.
   967 | D:2      | 967 ||| INVOKING Spit Poison.
   969 | D:2      | Killed Sigmund
   970 | D:2      | Reached XP level 5. HP: 24/51 MP: 5/5
   970 | D:2      | Reached XP level 6. HP: 28/60 MP: 6/6
  1147 | D:2      | 1147 ||| INVOKING Spit Poison.
  1230 | D:2      | 1230 ||| INVOKING Spit Poison.
  1238 | D:2      | 1238 ||| INVOKING Spit Poison.
  1242 | D:2      | 1242 ||| INVOKING Spit Poison.
  1248 | D:2      | 1248 ||| INVOKING Spit Poison.
  1281 | D:2      | 1281 ||| INVOKING Spit Poison.
  1291 | D:2      | 1291 ||| INVOKING Spit Poison.
  1296 | D:2      | 1296 ||| INVOKING Spit Poison.
  1331 | D:2      | 1331 ||| INVOKING Spit Poison.
  1577 | D:2      | 1577 ||| READING 2 scrolls labelled LODUJYPNA.
  1578 | D:2      | 1578 ||| READING scroll labelled YBRIAR GEBAICAI.
  1579 | D:2      | 1579 ||| READING scroll labelled MOEFUR OS ZOKH.
  1580 | D:2      | 1580 ||| READING scroll labelled CEULUL YCAUJOE.
  1584 | D:2      | 1584 ||| READING scroll labelled GATOTR JOEGUA.
  1585 | D:2      | 1585 ||| DROPPING scroll of amnesia.
  1603 | D:3      | 1603 ||| INVOKING Spit Poison.
  1626 | D:3      | 1626 ||| INVOKING Spit Poison.
  1631 | D:3      | 1631 ||| INVOKING Spit Poison.
  1637 | D:3      | 1637 ||| INVOKING Spit Poison.
  1668 | D:3      | 1668 ||| INVOKING Spit Poison.
  1762 | D:3      | Found an opulent altar of Gozag.
  1775 | D:3      | 1775 ||| INVOKING Spit Poison.
  1804 | D:3      | 1804 ||| INVOKING Spit Poison.
  1823 | D:3      | 1823 ||| INVOKING Spit Poison.
  1828 | D:3      | 1828 ||| INVOKING Spit Poison.
  1869 | D:3      | 1869 ||| INVOKING Spit Poison.
  1908 | D:3      | Found a sparkling altar of Nemelex Xobeh.
  2032 | D:3      | 2032 ||| INVOKING Spit Poison.
  2037 | D:3      | 2037 ||| INVOKING Spit Poison.
  2070 | D:3      | 2070 ||| UPGRADING to +0 cloak.
  2075 | D:3      | 2075 ||| READING scroll labelled SILEUH VEKHLI.
  2076 | D:3      | 2076 ||| READING scroll labelled EWESAR VEUREWK.
  2077 | D:3      | 2077 ||| READING 3 scrolls of identify.
  2077 | D:3      | 2077 ||| IDENTIFYING clear potion
  2078 | D:3      | 2078 ||| READING 2 scrolls of identify.
  2078 | D:3      | 2078 ||| IDENTIFYING lumpy brown potion
  2079 | D:3      | 2079 ||| DROPPING potion of invisibility.
  2097 | D:4      | 2097 ||| INVOKING Spit Poison.
  2101 | D:4      | 2101 ||| STAIRDANCE
  2103 | D:3      | 2103 ||| INVOKING Spit Poison.
  2143 | D:4      | 2143 ||| INVOKING Spit Poison.
  2194 | D:4      | Noticed Eustachio
  2195 | D:4      | 2195 ||| INVOKING Spit Poison.
  2199 | D:4      | 2199 ||| INVOKING Spit Poison.
  2205 | D:4      | 2205 ||| INVOKING Spit Poison.
  2206 | D:4      | 2206 ||| INVOKING Spit Poison.
  2206 | D:4      | Killed Eustachio
  2207 | D:4      | Reached skill level 6 in Ranged Weapons
  2207 | D:4      | Reached XP level 7. HP: 42/66 MP: 7/7
  2366 | D:4      | 2366 ||| INVOKING Spit Poison.
  2370 | D:4      | 2370 ||| INVOKING Spit Poison.
  2485 | D:4      | 2485 ||| INVOKING Spit Poison.
  2496 | D:4      | Reached skill level 7 in Ranged Weapons
  2542 | D:4      | Found a shimmering altar of Xom.
  2556 | D:4      | Found a hide-covered altar of Uskayaw.
  2560 | D:4      | 2560 ||| INVOKING Spit Poison.
  2564 | D:4      | 2564 ||| INVOKING Spit Poison.
  2571 | D:4      | 2571 ||| INVOKING Spit Poison.
  2577 | D:4      | HP: 16/66 [adder (4)]
  2578 | D:4      | 2578 ||| READING 3 scrolls of teleportation.
  2579 | D:4      | 2579 ||| INVOKING Spit Poison.
  2912 | D:4      | 2912 ||| INVOKING Spit Poison.
  2953 | D:4      | 2953 ||| INVOKING Spit Poison.
  2960 | D:4      | 2960 ||| INVOKING Spit Poison.
  2963 | D:4      | 2963 ||| INVOKING Spit Poison.
  3007 | D:4      | 3007 ||| INVOKING Spit Poison.
  3014 | D:4      | 3014 ||| INVOKING Spit Poison.
  3017 | D:4      | Reached XP level 8. HP: 66/73 MP: 8/8
  3073 | D:4      | 3073 ||| INVOKING Spit Poison.
  3079 | D:4      | 3079 ||| INVOKING Spit Poison.
  3245 | D:4      | 3245 ||| UPGRADING to ring of protection from cold.
  3246 | D:4      | 3246 ||| READING 3 scrolls of identify.
  3246 | D:4      | 3246 ||| IDENTIFYING murky orange potion
  3247 | D:4      | 3247 ||| READING 2 scrolls of identify.
  3247 | D:4      | 3247 ||| IDENTIFYING silvery potion
  3248 | D:4      | 3248 ||| DROPPING potion of attraction.
  3294 | D:5      | Entered Level 5 of the Dungeon
  3297 | D:5      | 3297 ||| INVOKING Spit Poison.
  3305 | D:5      | Found a staircase to the Ecumenical Temple.
  3306 | D:5      | 3306 ||| PLANNING TEMPLE
  3316 | Temple   | Entered the Ecumenical Temple
  3317 | Temple   | 3317 ||| PLANNING OKAWARU WORSHIP
  3380 | Temple   | Became a worshipper of Warmaster Okawaru
  3381 | Temple   | 3381 ||| PLANNING D:1-11
  3397 | D:5      | 3397 ||| INVOKING Spit Poison.
  3401 | D:5      | 3401 ||| INVOKING Spit Poison.
  3402 | D:5      | 3402 ||| INVOKING Spit Poison.
  3405 | D:5      | 3405 ||| INVOKING Spit Poison.
  3409 | D:5      | 3409 ||| INVOKING Spit Poison.
  3412 | D:5      | 3412 ||| INVOKING Spit Poison.
  3413 | D:5      | Reached skill level 8 in Ranged Weapons
  3508 | D:5      | Found a blossoming altar of Fedhas.
  3520 | D:5      | 3520 ||| INVOKING Spit Poison.
  3521 | D:5      | 3521 ||| Stepping ~*~*~tactically~*~*~ (outnumbered).
  3524 | D:5      | 3524 ||| INVOKING Spit Poison.
  3529 | D:5      | 3529 ||| Stepping ~*~*~tactically~*~*~ (outnumbered).
  3531 | D:5      | 3531 ||| INVOKING Spit Poison.
  3535 | D:5      | 3535 ||| INVOKING Spit Poison.
  3541 | D:5      | 3541 ||| INVOKING Spit Poison.
  3655 | D:5      | 3655 ||| INVOKING Spit Poison.
  3659 | D:5      | 3659 ||| INVOKING Spit Poison.
  3664 | D:5      | 3664 ||| INVOKING Spit Poison.
  3669 | D:5      | 3669 ||| INVOKING Spit Poison.
  3672 | D:5      | 3672 ||| INVOKING Spit Poison.
  3750 | D:5      | 3750 ||| INVOKING Spit Poison.
  3793 | D:5      | 3793 ||| INVOKING Spit Poison.
  3858 | D:5      | Found a bloodstained altar of Trog.
  3906 | D:5      | 3906 ||| INVOKING Spit Poison.
  3909 | D:5      | 3909 ||| INVOKING Spit Poison.
  3914 | D:5      | 3914 ||| INVOKING Spit Poison.
  3914 | D:5      | Reached * piety under Okawaru
  3915 | D:5      | Reached skill level 9 in Ranged Weapons
  4004 | D:5      | Reached skill level 1 in Invocations
  4079 | D:5      | 4079 ||| INVOKING Spit Poison.
  4080 | D:5      | Reached skill level 1 in Armour
  4169 | D:5      | 4169 ||| READING scroll labelled JOMAASTR ACURE.
  4170 | D:5      | 4170 ||| READING scroll labelled AKLI HOIGGUOMYRPH.
  4171 | D:5      | 4171 ||| DRINKING 2 murky silvery potions.
  4210 | D:6      | 4210 ||| INVOKING Heroism.
  4262 | D:6      | 4262 ||| INVOKING Spit Poison.
  4366 | D:6      | 4366 ||| INVOKING Heroism.
  4616 | D:6      | 4616 ||| INVOKING Spit Poison.
  4619 | D:6      | 4619 ||| INVOKING Spit Poison.
  4624 | D:6      | 4624 ||| INVOKING Heroism.
  4625 | D:6      | 4625 ||| INVOKING Spit Poison.
  4630 | D:6      | Reached XP level 9. HP: 32/82 MP: 7/10
  4955 | D:6      | 4955 ||| INVOKING Spit Poison.
  4961 | D:6      | 4961 ||| INVOKING Spit Poison.
  4962 | D:6      | 4962 ||| Stepping ~*~*~tactically~*~*~ (outnumbered).
  4965 | D:6      | 4965 ||| INVOKING Spit Poison.
  4968 | D:6      | Reached skill level 3 in Invocations
  4968 | D:6      | 4968 ||| INVOKING Heroism.
  4969 | D:6      | 4969 ||| INVOKING Spit Poison.
  4973 | D:6      | 4973 ||| INVOKING Spit Poison.
  4980 | D:6      | Reached skill level 3 in Dodging
  4983 | D:6      | 4983 ||| INVOKING Spit Poison.
  4985 | D:6      | HP: 19/82 [yak (6)]
  4986 | D:6      | 4986 ||| READING 2 scrolls of teleportation.
  4987 | D:6      | 4987 ||| INVOKING Heroism.
  5213 | D:6      | 5213 ||| INVOKING Spit Poison.
  5220 | D:6      | 5220 ||| INVOKING Spit Poison.
  5223 | D:6      | 5223 ||| INVOKING Spit Poison.
  5228 | D:6      | 5228 ||| INVOKING Spit Poison.
  5231 | D:6      | 5231 ||| INVOKING Spit Poison.
  5232 | D:6      | Reached skill level 6 in Fighting
  5426 | D:6      | 5426 ||| INVOKING Spit Poison.
  5430 | D:6      | 5430 ||| INVOKING Spit Poison.
  5435 | D:6      | 5435 ||| INVOKING Spit Poison.
  5473 | D:6      | 5473 ||| INVOKING Spit Poison.
  5593 | D:6      | 5593 ||| READING 2 scrolls of identify.
  5593 | D:6      | 5593 ||| IDENTIFYING fuming amethyst potion
  5594 | D:6      | 5594 ||| DROPPING potion of berserk rage.
  5760 | D:7      | 5760 ||| INVOKING Spit Poison.
  5859 | D:7      | 5859 ||| INVOKING Spit Poison.
  5976 | D:7      | 5976 ||| INVOKING Spit Poison.
  5981 | D:7      | 5981 ||| INVOKING Spit Poison.
  5984 | D:7      | 5984 ||| INVOKING Heroism.
  5986 | D:7      | 5986 ||| INVOKING Spit Poison.
  5989 | D:7      | HP: 10/82 [wyvern (15)]
  5990 | D:7      | 5990 ||| READING scroll of teleportation.
  6298 | D:7      | 6298 ||| INVOKING Spit Poison.
  6355 | D:7      | Noticed Duvessa
  6355 | D:7      | Noticed Dowan
  6356 | D:7      | 6356 ||| INVOKING Heroism.
  6360 | D:7      | 6360 ||| INVOKING Spit Poison.
  6370 | D:7      | 6370 ||| INVOKING Spit Poison.
  6374 | D:7      | 6374 ||| INVOKING Spit Poison.
  6377 | D:7      | Killed Duvessa
  6378 | D:7      | Reached skill level 10 in Ranged Weapons
  6388 | D:7      | HP: 16/73 [wight/+1 mace of freezing (5)]
  6390 | D:7      | 6390 ||| INVOKING Spit Poison.
  6393 | D:7      | Killed Dowan
  6436 | D:7      | 6436 ||| INVOKING Heroism.
  6440 | D:7      | 6440 ||| INVOKING Spit Poison.
  6620 | D:7      | Identified the +2 leather armour of Salvation {Regen+}
  6720 | D:7      | 6720 ||| READING scroll of enchant weapon.
  6720 | D:7      | 6720 ||| ENCHANTING +1 shortbow.
  6722 | D:7      | 6722 ||| INVOKING Spit Poison.
  6729 | D:7      | 6729 ||| INVOKING Spit Poison.
  6733 | D:7      | 6733 ||| INVOKING Spit Poison.
  6780 | D:7      | 6780 ||| INVOKING Heroism.
  6781 | D:7      | 6781 ||| INVOKING Spit Poison.
  6786 | D:7      | 6786 ||| INVOKING Spit Poison.
  6790 | D:7      | 6790 ||| INVOKING Spit Poison.
  7054 | D:7      | 7054 ||| UPGRADING to +2 leather armour of Salvation
                  | {Regen+}.
  7064 | D:7      | 7064 ||| DROPPING +0 leather armour.
  7083 | D:8      | 7083 ||| INVOKING Spit Poison.
  7087 | D:8      | 7087 ||| INVOKING Spit Poison.
  7093 | D:8      | 7093 ||| INVOKING Spit Poison.
  7097 | D:8      | 7097 ||| INVOKING Heroism.
  7099 | D:8      | 7099 ||| INVOKING Spit Poison.
  7109 | D:8      | 7109 ||| INVOKING Spit Poison.
  7114 | D:8      | Reached XP level 10. HP: 91/94 MP: 11/13
  7132 | D:8      | 7132 ||| INVOKING Spit Poison.
  7147 | D:8      | Noticed a manticore
  7148 | D:8      | 7148 ||| INVOKING Heroism.
  7148 | D:8      | Noticed Grum
  7151 | D:8      | 7151 ||| INVOKING Spit Poison.
  7155 | D:8      | 7155 ||| INVOKING Spit Poison.
  7162 | D:8      | 7162 ||| INVOKING Spit Poison.
  7163 | D:8      | HP: 20/94 [Grum/+1 spear (16)]
  7165 | D:8      | HP: 8/94 [Grum/+1 spear (3)]
  7166 | D:8      | Mangled by a manticore

Levels and vault maps discovered:
D:1:      lemuel_arrival_rhombus, layout_rooms, chequers_decorated_corner,
          st_stairs_9, minmay_pentomino_t2
D:2:      layout_basic, serial_corexii_hall, chequers_hall_statues_y,
          corexii_hall_statues_deadend, corexii_hall_statues_l, uniq_sigmund
D:3:      layout_rooms, mainiacjoe_overflow_tiny_flanked,
          nemelex_xobeh_ov_fountains_minmay, dk_noncrumbling_4
D:4:      layout_basic, grunt_temple_overflow_open, uniq_eustachio
D:5:      layout_rooms, mainiacjoe_overflow_catwalk, lemuel_crystal_altar,
          minmay_temple_entry_grid, serial_glass, glass_columns_a,
          glass_columns_b
D:6:      layout_basic
D:7:      layout_basic, uniq_duvessa
D:8:      layout_cave_pools, serial_demonic, serial_demonic_b, serial_demonic_c,
          serial_demonic_f, serial_demonic_f, uniq_amaemon, uniq_grum
Temple:   eino_temple_lava

Skill      XL: |  1  2  3  4  5  6  7  8  9 |
---------------+----------------------------+-----
Ranged Weapons | 4 5 6 7 9 10 | 10.4
Fighting       | 4 5 7 |  7.0
Dodging        | 2 3 |  3.5
Invocations    | 2 4 |  4.0
Armour         | 1 |  1.0
Stealth        | |  1.5

Action                     |  1- 3 |  4- 6 |  7- 9 | 10-12 || total
---------------------------+-------+-------+-------+-------++-------
   Fire: Shortbow          |    63 |    94 |   362 |    23 ||   542
 Invoke: Heroism           |       |       |    10 |     1 ||    11
Ability: Spit Poison       |    19 |    36 |    78 |     4 ||   137
    Use: Scroll            |     1 |     9 |     9 |       ||    19
         Potion            |       |       |     1 |       ||     1
 Armour: Leather armour    |     4 |     7 |    53 |    11 ||    75
  Dodge: Dodged            |    11 |    20 |   102 |    19 ||   152

Table legend:
 A = Non-vault XP
 B = Vault XP
 C = Vault XP percentage of total XP
 D = Non-vault monster count
 E = Vault monster count
 F = Vault count percentage of total count
                 A         B        C        D         E       F
            +---------+---------+-------+---------+---------+-------
      Total |    3990 |     788 |  16.5 |     135 |       9 |   6.2
            +---------+---------+-------+---------+---------+-------
        D:1 |      30 |       6 |  16.7 |      18 |       4 |  18.2
        D:2 |     170 |     231 |  57.6 |      17 |       1 |   5.6
        D:3 |      52 |       0 |   0.0 |      19 |       0 |   0.0
        D:4 |     547 |     214 |  28.1 |      21 |       1 |   4.5
        D:5 |     855 |       0 |   0.0 |      19 |       0 |   0.0
        D:6 |    1104 |       0 |   0.0 |      18 |       0 |   0.0
        D:7 |    1052 |     218 |  17.2 |      17 |       2 |  10.5
        D:8 |     180 |     119 |  39.8 |       6 |       1 |  14.3
            +---------+---------+-------+---------+---------+-------
